[ AOE2 MATCH · #507376681 ]
UnrankedByzantines vs Vietnamese
[ REPLAY ANALYSIS · EXTRACTED FROM THE RECORDED GAME ]
Feudal
10:55
Castle
27:21
Imperial
43:01
| APM avg | 52.8 |
| APM peak | 111 |
| eAPM avg | 26.1 |
| Villagers / military | 157 / 93 |
Focus
⚔️ 30.3% · 🌾 69.7%
Skirmisher ×52 · Camel Scout ×26 · Bombard Cannon ×6 · Trebuchet (Packed) ×4 · Monk ×3 · Spearman ×1
Feudal
11:17
Castle
20:21
Imperial
32:49
| APM avg | 37.4 |
| APM peak | 69 |
| eAPM avg | 18.7 |
| Villagers / military | 82 / 58 |
Focus
⚔️ 40.9% · 🌾 59.1%
Rattan Archer ×52 · Mangonel ×3 · Battering Ram ×1 · Bombard Cannon ×1 · Trebuchet (Packed) ×1
Match map
Initial resources + every placement click. Lines = walls · curves = elevation contours. ◆ gold · ⬟ stone · ● berries · ✦ relic · ◌ wall gap
Your base· ✓ Closed at 27:21 · 57t walls · 1 gate(s)
Sir_Malmsteen's base· ✓ Closed at 20:21 · 81t walls · 2 gate(s)
Smoothed initial terrain · ◌ = detected wall gap · hover for details
Inputs per minute
— SUMMER - - Sir_Malmsteen
Build order — SUMMER
First 150 of 428 actions detected
| 0:01 | Create | Villager (Male) |
| 0:01 | Create | Villager (Male) |
| 0:01 | Create | Villager (Male) |
| 0:02 | Build | House |
| 0:03 | Create | Villager (Male) |
| 0:04 | Build | House |
| 1:32 | Create | Villager (Male) |
| 2:04 | Create | Villager (Male) |
| 2:05 | Create | Villager (Male) |
| 2:06 | Build | Lumber Camp |
| 2:21 | Create | Villager (Male) |
| 2:21 | Create | Villager (Male) |
| 2:53 | Create | Villager (Male) |
| 2:54 | Create | Villager (Male) |
| 3:43 | Create | Villager (Male) |
| 3:44 | Create | Villager (Male) |
| 4:22 | Create | Villager (Male) |
| 4:22 | Create | Villager (Male) |
| 4:22 | Create | Villager (Male) |
| 5:03 | Create | Villager (Male) |
| 5:03 | Create | Villager (Male) |
| 5:18 | Create | Villager (Male) |
| 5:19 | Build | House |
| 5:25 | Research | Loom |
| 5:32 | Build | House |
| 5:43 | Create | Villager (Male) |
| 5:43 | Create | Villager (Male) |
| 5:44 | Create | Villager (Male) |
| 5:44 | Create | Villager (Male) |
| 6:35 | Create | Villager (Male) |
| 6:39 | Build | Palisade Wall |
| 6:51 | Create | Villager (Male) |
| 7:00 | Create | Villager (Male) |
| 7:02 | Create | Villager (Male) |
| 7:31 | Build | Mill |
| 7:42 | Create | Villager (Male) |
| 7:58 | Create | Villager (Male) |
| 8:12 | Create | Villager (Male) |
| 8:18 | Create | Villager (Male) |
| 8:28 | Research | Feudal Age |
| 8:52 | Build | Lumber Camp |
| 9:29 | Build | Barracks |
| 10:09 | Build | House |
| 10:19 | Create | Villager (Male) |
| 10:26 | Create | Villager (Male) |
| 10:55 | Age | Feudal Age |
| 10:58 | Build | Archery Range |
| 10:59 | Create | Villager (Male) |
| 11:01 | Research | Double-Bit Axe |
| 11:01 | Research | Double-Bit Axe |
| 11:12 | Build | Mining Camp |
| 11:19 | Create | Spearman |
| 11:26 | Build | House |
| 11:31 | Create | Villager (Male) |
| 11:44 | Create | Skirmisher |
| 11:44 | Create | Skirmisher |
| 12:00 | Create | Skirmisher |
| 12:00 | Create | Skirmisher |
| 12:06 | Build | Blacksmith |
| 12:07 | Create | Villager (Male) |
| 12:18 | Create | Villager (Male) |
| 12:18 | Create | Villager (Male) |
| 12:18 | Create | Villager (Male) |
| 12:41 | Build | Watch Tower |
| 12:45 | Create | Villager (Male) |
| 12:46 | Create | Villager (Male) |
| 12:59 | Build | Watch Tower |
| 13:12 | Create | Villager (Male) |
| 13:31 | Create | Villager (Male) |
| 13:56 | Build | Watch Tower |
| 14:06 | Build | Farm |
| 14:11 | Build | House |
| 14:14 | Build | House |
| 14:27 | Create | Villager (Male) |
| 14:29 | Build | Farm |
| 14:32 | Build | House |
| 14:43 | Research | Fletching |
| 14:43 | Research | Fletching |
| 14:44 | Create | Villager (Male) |
| 14:55 | Build | Palisade Wall |
| 14:56 | Build | Palisade Wall |
| 14:56 | Build | Palisade Wall |
| 14:56 | Build | Palisade Wall |
| 15:01 | Build | Farm |
| 15:02 | Create | Villager (Male) |
| 15:02 | Create | Villager (Male) |
| 15:24 | Create | Villager (Male) |
| 15:24 | Create | Villager (Male) |
| 15:32 | Build | Watch Tower |
| 15:44 | Build | Farm |
| 15:44 | Create | Villager (Male) |
| 15:45 | Create | Villager (Male) |
| 15:52 | Build | Stable |
| 16:19 | Build | House |
| 16:23 | Build | Farm |
| 16:23 | Create | Villager (Male) |
| 16:24 | Create | Villager (Male) |
| 16:41 | Build | Watch Tower |
| 16:45 | Build | Palisade Wall |
| 16:48 | Build | Farm |
| 16:49 | Build | Farm |
| 16:50 | Create | Villager (Male) |
| 17:18 | Build | Outpost |
| 17:30 | Create | Scout Cavalry |
| 17:32 | Build | Farm |
| 17:34 | Build | Farm |
| 17:43 | Build | House |
| 17:44 | Create | Villager (Male) |
| 17:48 | Build | Mining Camp |
| 17:50 | Create | Villager (Male) |
| 18:12 | Build | Watch Tower |
| 18:15 | Create | Villager (Male) |
| 18:19 | Build | Farm |
| 18:20 | Create | Villager (Male) |
| 18:20 | Create | Villager (Male) |
| 18:23 | Build | Outpost |
| 18:45 | Build | House |
| 18:46 | Create | Villager (Male) |
| 18:46 | Create | Villager (Male) |
| 18:47 | Create | Villager (Male) |
| 18:53 | Build | Watch Tower |
| 18:58 | Create | Villager (Male) |
| 19:07 | Build | Palisade Wall |
| 19:07 | Build | Palisade Wall |
| 19:08 | Build | Palisade Wall |
| 19:08 | Build | Palisade Wall |
| 19:08 | Build | Palisade Wall |
| 19:09 | Build | Palisade Wall |
| 19:09 | Build | Palisade Wall |
| 19:09 | Build | Palisade Wall |
| 19:22 | Build | Palisade Wall |
| 19:46 | Build | Watch Tower |
| 19:52 | Create | Villager (Male) |
| 20:20 | Build | Farm |
| 20:21 | Create | Villager (Male) |
| 20:29 | Build | Watch Tower |
| 20:34 | Build | House |
| 20:43 | Build | Palisade Wall |
| 20:44 | Create | Villager (Male) |
| 20:48 | Research | Wheelbarrow |
| 20:50 | Build | Farm |
| 21:08 | Build | Farm |
| 21:11 | Build | Market |
| 21:21 | Build | Watch Tower |
| 21:33 | Build | House |
| 21:39 | Create | Villager (Male) |
| 21:40 | Create | Villager (Male) |
| 21:40 | Create | Villager (Male) |
| 21:50 | Build | House |
| 21:54 | Create | Villager (Male) |
Build order — Sir_Malmsteen
First 150 of 268 actions detected
| 0:01 | Create | Villager (Male) |
| 0:01 | Create | Villager (Male) |
| 0:02 | Create | Villager (Male) |
| 0:03 | Build | House |
| 0:07 | Build | House |
| 0:20 | Create | Villager (Male) |
| 1:34 | Create | Villager (Male) |
| 2:03 | Build | Lumber Camp |
| 2:04 | Create | Villager (Male) |
| 2:21 | Create | Villager (Male) |
| 2:55 | Create | Villager (Male) |
| 3:21 | Create | Villager (Male) |
| 3:42 | Build | House |
| 3:43 | Build | House |
| 3:47 | Create | Villager (Male) |
| 4:27 | Build | Mill |
| 4:32 | Build | Palisade Wall |
| 4:33 | Build | Palisade Wall |
| 4:35 | Build | Palisade Wall |
| 4:40 | Build | Palisade Wall |
| 4:48 | Create | Villager (Male) |
| 4:53 | Create | Villager (Male) |
| 6:04 | Create | Villager (Male) |
| 6:18 | Create | Villager (Male) |
| 6:45 | Build | House |
| 6:48 | Build | Palisade Wall |
| 6:56 | Create | Villager (Male) |
| 7:02 | Build | Farm |
| 7:24 | Create | Villager (Male) |
| 7:32 | Build | Mining Camp |
| 7:37 | Create | Villager (Male) |
| 7:44 | Create | Villager (Male) |
| 8:02 | Build | Lumber Camp |
| 8:18 | Create | Villager (Male) |
| 9:07 | Research | Feudal Age |
| 9:15 | Build | Palisade Wall |
| 9:23 | Build | Palisade Wall |
| 10:12 | Build | Palisade Wall |
| 10:13 | Build | Palisade Wall |
| 10:14 | Build | Palisade Wall |
| 10:16 | Build | Palisade Wall |
| 10:21 | Build | House |
| 10:22 | Build | Palisade Wall |
| 10:33 | Build | Palisade Wall |
| 10:43 | Build | Palisade Wall |
| 10:46 | Build | Palisade Wall |
| 10:52 | Build | Palisade Wall |
| 10:54 | Build | Palisade Wall |
| 10:55 | Build | Palisade Wall |
| 11:03 | Build | Palisade Gate |
| 11:06 | Build | Barracks |
| 11:08 | Build | Palisade Wall |
| 11:17 | Age | Feudal Age |
| 11:20 | Build | Palisade Wall |
| 11:21 | Create | Villager (Male) |
| 11:22 | Research | Double-Bit Axe |
| 11:24 | Research | Horse Collar |
| 11:27 | Build | Palisade Wall |
| 11:27 | Build | Palisade Wall |
| 11:28 | Build | Palisade Wall |
| 11:38 | Create | Villager (Male) |
| 11:40 | Build | Palisade Wall |
| 12:03 | Research | Loom |
| 12:05 | Build | Palisade Wall |
| 12:08 | Build | Palisade Wall |
| 12:13 | Build | Farm |
| 12:13 | Build | Farm |
| 12:13 | Build | Farm |
| 12:17 | Create | Villager (Male) |
| 12:18 | Build | Palisade Wall |
| 12:21 | Build | Palisade Gate |
| 12:27 | Build | Farm |
| 12:27 | Build | Farm |
| 12:36 | Build | Farm |
| 12:47 | Create | Villager (Male) |
| 13:04 | Build | Stone Wall |
| 13:06 | Build | Stone Wall |
| 13:14 | Build | Stone Wall |
| 13:18 | Build | Watch Tower |
| 13:22 | Create | Villager (Male) |
| 13:42 | Build | Stone Wall |
| 14:02 | Build | Mining Camp |
| 14:12 | Build | Stone Wall |
| 14:16 | Create | Villager (Male) |
| 14:22 | Build | House |
| 14:26 | Build | Stone Wall |
| 14:27 | Build | Stone Wall |
| 14:37 | Create | Villager (Male) |
| 14:54 | Build | Archery Range |
| 14:57 | Build | Stone Wall |
| 15:05 | Build | Stone Wall |
| 15:07 | Build | Stone Wall |
| 15:10 | Create | Villager (Male) |
| 15:16 | Build | Farm |
| 15:37 | Create | Villager (Male) |
| 16:06 | Build | Mining Camp |
| 16:13 | Build | Stone Wall |
| 16:14 | Build | Stone Wall |
| 16:22 | Create | Villager (Male) |
| 16:28 | Build | Blacksmith |
| 16:32 | Build | Blacksmith |
| 16:35 | Build | Farm |
| 16:35 | Build | Farm |
| 16:48 | Build | Farm |
| 16:50 | Create | Villager (Male) |
| 17:02 | Build | Stone Wall |
| 17:16 | Create | Villager (Male) |
| 17:20 | Research | Castle Age |
| 17:41 | Build | Stone Wall |
| 17:42 | Build | Stone Wall |
| 18:01 | Research | Stone Mining |
| 18:29 | Research | Fletching |
| 18:34 | Research | Gold Mining |
| 18:59 | Build | Stone Wall |
| 19:03 | Build | Stone Wall |
| 19:05 | Build | Stone Wall |
| 19:11 | Build | Stone Wall |
| 19:15 | Build | Stone Wall |
| 19:18 | Build | Stone Wall |
| 19:19 | Build | Stone Wall |
| 19:22 | Build | Stone Wall |
| 19:24 | Build | Stone Wall |
| 19:30 | Build | Stone Wall |
| 19:36 | Build | Stone Wall |
| 19:41 | Build | Stone Wall |
| 19:45 | Build | Stone Wall |
| 20:21 | Age | Castle Age |
| 20:36 | Build | Siege Workshop |
| 21:00 | Build | Mining Camp |
| 21:15 | Create | Villager (Male) |
| 21:17 | Research | Bow Saw |
| 21:18 | Research | Heavy Plow |
| 21:29 | Research | Bodkin Arrow |
| 21:36 | Create | Villager (Male) |
| 21:51 | Build | House |
| 22:00 | Create | Mangonel |
| 22:09 | Create | Villager (Male) |
| 22:19 | Build | Farm |
| 22:48 | Create | Villager (Male) |
| 22:49 | Create | Villager (Male) |
| 22:59 | Create | Mangonel |
| 23:15 | Create | Villager (Male) |
| 23:43 | Build | Castle |
| 23:54 | Create | Villager (Male) |
| 24:10 | Create | Villager (Male) |
| 24:57 | Create | Villager (Male) |
| 24:57 | Create | Villager (Male) |
| 25:06 | Build | Farm |
| 25:07 | Build | Farm |
| 25:07 | Build | Farm |
Match timeline
| 4:32 | Sir_Malmsteen · wall_segment Palisade Wall x1 |
| 4:33 | Sir_Malmsteen · wall_segment Palisade Wall x1 |
| 4:35 | Sir_Malmsteen · wall_segment Palisade Wall x1 |
| 4:40 | Sir_Malmsteen · wall_segment Palisade Wall x1 |
| 6:39 | SUMMER · wall_segment Palisade Wall x1 |
| 6:48 | Sir_Malmsteen · wall_segment Palisade Wall x1 |
| 9:15 | Sir_Malmsteen · wall_segment Palisade Wall x6 |
| 9:23 | Sir_Malmsteen · wall_segment Palisade Wall x5 |
| 9:29 | SUMMER · first_building Barracks |
| 10:12 | Sir_Malmsteen · wall_segment Palisade Wall x1 |
| 10:13 | Sir_Malmsteen · wall_segment Palisade Wall x1 |
| 10:14 | Sir_Malmsteen · wall_segment Palisade Wall x1 |
| 10:16 | Sir_Malmsteen · wall_segment Palisade Wall x1 |
| 10:22 | Sir_Malmsteen · wall_segment Palisade Wall x1 |
| 10:33 | Sir_Malmsteen · wall_segment Palisade Wall x6 |
| 10:43 | Sir_Malmsteen · wall_segment Palisade Wall x1 |
| 10:46 | Sir_Malmsteen · wall_segment Palisade Wall x3 |
| 10:52 | Sir_Malmsteen · wall_segment Palisade Wall x1 |
| 10:54 | Sir_Malmsteen · wall_segment Palisade Wall x1 |
| 10:55 | Sir_Malmsteen · wall_segment Palisade Wall x1 |
| 10:55 | SUMMER · age_up feudal |
| 10:58 | SUMMER · first_building Archery Range |
| 11:06 | Sir_Malmsteen · first_building Barracks |
| 11:08 | Sir_Malmsteen · wall_segment Palisade Wall x3 |
| 11:17 | Sir_Malmsteen · age_up feudal |
| 11:20 | Sir_Malmsteen · wall_segment Palisade Wall x1 |
| 11:27 | Sir_Malmsteen · wall_segment Palisade Wall x1 |
| 11:27 | Sir_Malmsteen · wall_segment Palisade Wall x1 |
| 11:28 | Sir_Malmsteen · wall_segment Palisade Wall x1 |
| 11:40 | Sir_Malmsteen · wall_segment Palisade Wall x4 |
| 12:05 | Sir_Malmsteen · wall_segment Palisade Wall x1 |
| 12:08 | Sir_Malmsteen · wall_segment Palisade Wall x1 |
| 12:18 | Sir_Malmsteen · wall_segment Palisade Wall x1 |
| 13:04 | Sir_Malmsteen · wall_segment Stone Wall x1 |
| 13:06 | Sir_Malmsteen · wall_segment Stone Wall x1 |
| 13:14 | Sir_Malmsteen · wall_segment Stone Wall x1 |
| 13:42 | Sir_Malmsteen · wall_segment Stone Wall x1 |
| 14:12 | Sir_Malmsteen · wall_segment Stone Wall x3 |
| 14:26 | Sir_Malmsteen · wall_segment Stone Wall x1 |
| 14:27 | Sir_Malmsteen · wall_segment Stone Wall x1 |
| 14:54 | Sir_Malmsteen · first_building Archery Range |
| 14:55 | SUMMER · wall_segment Palisade Wall x1 |
| 14:56 | SUMMER · wall_segment Palisade Wall x1 |
| 14:56 | SUMMER · wall_segment Palisade Wall x1 |
| 14:56 | SUMMER · wall_segment Palisade Wall x1 |
| 14:57 | Sir_Malmsteen · wall_segment Stone Wall x1 |
| 15:05 | Sir_Malmsteen · wall_segment Stone Wall x1 |
| 15:07 | Sir_Malmsteen · wall_segment Stone Wall x8 |
| 15:52 | SUMMER · first_building Stable |
| 16:13 | Sir_Malmsteen · wall_segment Stone Wall x2 |
| 16:14 | Sir_Malmsteen · wall_segment Stone Wall x1 |
| 16:45 | SUMMER · wall_segment Palisade Wall x6 |
| 17:02 | Sir_Malmsteen · wall_segment Stone Wall x1 |
| 17:41 | Sir_Malmsteen · wall_segment Stone Wall x1 |
| 17:42 | Sir_Malmsteen · wall_segment Stone Wall x1 |
| 18:59 | Sir_Malmsteen · wall_segment Stone Wall x1 |
| 19:03 | Sir_Malmsteen · wall_segment Stone Wall x1 |
| 19:05 | Sir_Malmsteen · wall_segment Stone Wall x1 |
| 19:07 | SUMMER · wall_segment Palisade Wall x1 |
| 19:07 | SUMMER · wall_segment Palisade Wall x1 |
| 19:08 | SUMMER · wall_segment Palisade Wall x1 |
| 19:08 | SUMMER · wall_segment Palisade Wall x1 |
| 19:08 | SUMMER · wall_segment Palisade Wall x1 |
| 19:09 | SUMMER · wall_segment Palisade Wall x2 |
| 19:09 | SUMMER · wall_segment Palisade Wall x1 |
| 19:09 | SUMMER · wall_segment Palisade Wall x1 |
| 19:11 | Sir_Malmsteen · wall_segment Stone Wall x1 |
| 19:15 | Sir_Malmsteen · wall_segment Stone Wall x1 |
| 19:18 | Sir_Malmsteen · wall_segment Stone Wall x1 |
| 19:19 | Sir_Malmsteen · wall_segment Stone Wall x1 |
| 19:22 | Sir_Malmsteen · wall_segment Stone Wall x1 |
| 19:22 | SUMMER · wall_segment Palisade Wall x8 |
| 19:24 | Sir_Malmsteen · wall_segment Stone Wall x1 |
| 19:30 | Sir_Malmsteen · wall_segment Stone Wall x1 |
| 19:36 | Sir_Malmsteen · wall_segment Stone Wall x1 |
| 19:41 | Sir_Malmsteen · wall_segment Stone Wall x1 |
| 19:45 | Sir_Malmsteen · wall_segment Stone Wall x1 |
| 20:21 | Sir_Malmsteen · age_up castle |
| 20:36 | Sir_Malmsteen · first_building Siege Workshop |
| 20:43 | SUMMER · wall_segment Palisade Wall x18 |
| 22:01 | SUMMER · wall_segment Palisade Wall x1 |
| 22:02 | SUMMER · wall_segment Palisade Wall x1 |
| 22:02 | SUMMER · wall_segment Palisade Wall x2 |
| 22:03 | SUMMER · wall_segment Palisade Wall x1 |
| 22:03 | SUMMER · wall_segment Palisade Wall x1 |
| 22:47 | SUMMER · wall_segment Palisade Wall x10 |
| 23:43 | Sir_Malmsteen · first_building Castle |
| 27:21 | SUMMER · age_up castle |
| 29:45 | SUMMER · first_market_buy 100 stone |
| 30:49 | SUMMER · first_building Monastery |
| 32:24 | Sir_Malmsteen · wall_segment Stone Wall x1 |
| 32:28 | Sir_Malmsteen · wall_segment Stone Wall x1 |
| 32:31 | Sir_Malmsteen · wall_segment Stone Wall x1 |
| 32:49 | Sir_Malmsteen · age_up imperial |
| 38:29 | Sir_Malmsteen · wall_segment Stone Wall x1 |
| 41:11 | SUMMER · first_building Siege Workshop |
| 43:01 | SUMMER · age_up imperial |
| 43:55 | Sir_Malmsteen · first_market_buy 100 wood |
| 45:12 | SUMMER · first_building Castle |
| 50:19 | Sir_Malmsteen · resign |
[ AI ANALYSIS · 1 CREDIT ]
What really happened in this match?
Wolo.gg analyzes every decision: build order, eco, micro, common mistakes by bracket. Personalized analysis on WhatsApp or Discord in 30 seconds.
Civ guide
Byzantines
Perfil
Jugador #25845906